 Dungeon Crawl Stone Soup version 0.19-a0-1878-gcbc8a98 (webtiles) character file.

271 turokix the Slasher (level 6, 0/53 HPs)
             Began as a Minotaur Berserker on Oct 14, 2016.
             Was a Priest of Trog.
             Slain by an elf zombie (1 damage)
             ... in an ossuary.
             The game lasted 00:06:37 (2398 turns).

turokix the Slasher (Minotaur Berserker)            Turns: 2398, Time: 00:06:37

Health: 0/53       AC:  8    Str: 24    XL:     6   Next: 2%
Magic:  5/5        EV: 13    Int:  4    God:    Trog [***...]
Gold:   155        SH:  0    Dex:  9    Spells: 0 memorised, 5 levels left

rFire  . . .     SeeInvis .     a - +0 falchion
rCold  . . .     Gourm    .     d - +0 ring mail
rNeg   . . .     Faith    .     (no shield)
rPois  .         Spirit   .     (helmet restricted)
rElec  .         Dismiss  .     (no cloak)
rCorr  .         Reflect  .     s - +1 pair of gloves
MR     .....     Harm     .     (no boots)
Stlth  ..........               (no amulet)
                                k - ring of wizardry
                                g - +1 ring of evasion

@: no status effects
A: retaliatory headbutt, horns 2
a: Berserk, Trog's Hand, Burn Spellbooks, Renounce Religion


You were in an ossuary.
You worshipped Trog.
Trog was most pleased with you.
You were not hungry.

You visited 1 branch of the dungeon, and saw 4 of its levels.
You also visited: Ossuary.

You collected 155 gold pieces.

Inventory:

Hand Weapons
 a - a +0 falchion (weapon)
Armour
 d - a +0 ring mail (worn)
 s - a +1 pair of gloves (worn)
Jewellery
 g - a +1 ring of evasion (left hand)
 k - a ring of wizardry (right hand)
Scrolls
 b - 5 scrolls of identify
 l - a scroll of recharging {unknown}
Potions
 e - a potion of mutation
 o - a potion of might {unknown}
 p - a potion of flight {unknown}
 q - a potion of cancellation
 r - a potion of cure mutation {unknown}
 t - a potion of heal wounds {unknown}
 u - a potion of magic {unknown}
Comestibles
 c - 4 bread rations
 f - 5 fruits
 m - a slice of pizza


   Skills:
 + Level 4.6 Fighting
 * Level 5.9 Long Blades
 + Level 4.1 Armour
 + Level 3.7 Dodging


You had 5 spell levels left.
You didn't know any spells.

Dungeon Overview and Level Annotations

Branches:
Dungeon (4/15)
 Temple: D:4-7

Altars:
Vehumet


Innate Abilities, Weirdness & Mutations

You reflexively headbutt those who attack you in melee.
You have a pair of horns on your head.


Message History

The mummy is severely damaged.
You slash the mummy!
You destroy the mummy!
Trog accepts your kill.
You have reached level 6!
Your experience leads to an increase in your attributes!
Increase (S)trength, (I)ntelligence, or (D)exterity?
You feel stronger.
You barely miss the elf zombie. You headbutt the elf zombie!
The elf zombie is severely damaged.
The elf zombie hits you!
* * * LOW HITPOINT WARNING * * *
You closely miss the elf zombie.
The elf zombie is severely damaged.
The elf zombie hits you.
* * * LOW HITPOINT WARNING * * *
You barely miss the elf zombie.
The elf zombie is severely damaged.
The elf zombie hits you.
You die...

############
#$$#..........
#@$#..........
#Z##.........#####
#ZZZ..............
#Z................
#.....##..........
#.....##..........
#.................
#..#..............
#..##.............


You could see a hobgoblin zombie, 2 gnoll zombies, an elf zombie and a human
zombie.

Vanquished Creatures
  An elf skeleton (D:4)
  A human zombie (Ossuary)
  A human skeleton (D:4)
  A hound zombie (Ossuary)
  3 mummies (Ossuary)
  2 adders (D:2)
  An adder zombie (Ossuary)
  2 worms
  2 dart slugs (D:1)
  2 leopard geckos
  4 orcs (D:3)
  8 bats
  3 giant cockroaches
  6 goblins
  11 hobgoblins
  5 jackals
  3 quokkas
  A ball python (D:3)
  2 frilled lizards
  A gnoll zombie (Ossuary)
  4 kobolds
  2 kobold zombies (Ossuary)
  An orc skeleton (D:4)
  An orc zombie (D:4)
  4 rats
  A rat zombie (Ossuary)
73 creatures vanquished.

Vanquished Creatures (others)
  A giant cockroach (D:2)
  A kobold (D:2)
2 creatures vanquished.

Grand Total: 75 creatures vanquished

Notes
Turn   | Place    | Note
-------+----------+-------------------------------------------
     0 | D:1      | turokix the Minotaur Berserker began the quest for the Orb.
     0 | D:1      | Reached XP level 1. HP: 19/19 MP: 0/0
   353 | D:1      | Reached XP level 2. HP: 27/27 MP: 1/1
   359 | D:1      | Reached skill level 4 in Long Blades
   688 | D:2      | Reached XP level 3. HP: 30/33 MP: 2/2
   741 | D:2      | Found a radiant altar of Vehumet.
   744 | D:2      | Reached ** piety under Trog
  1358 | D:3      | Reached XP level 4. HP: 39/40 MP: 3/3
  1650 | D:3      | Found a faded altar of an unknown god.
  1686 | D:3      | Reached skill level 5 in Long Blades
  2293 | D:4      | Reached XP level 5. HP: 36/47 MP: 4/4
  2295 | D:4      | Found a sand-covered staircase.
  2303 | Ossuary  | Entered an ossuary
  2315 | Ossuary  | Reached *** piety under Trog
  2395 | Ossuary  | Reached XP level 6. HP: 9/53 MP: 5/5
  2396 | Ossuary  | HP: 2/53 [elf zombie (7)]
  2398 | Ossuary  | Slain by an elf zombie

Vault maps used:
D:1:      lightli_arrival_windingriver
D:2:      wad_river_or_something, fiery_altar_vehumet
D:3:      ecumenical_altar_1, first_bread
D:4:      nicolae_ossuary_entry_catacombs
Ossuary:  ossuary_minmay_tomb_2a

Skill      XL: |  1  2  3  4  5 |
---------------+----------------+-----
Long Blades    | 4 5 |  5.9
Fighting       | 4 |  4.6
Armour         | 3 4 |  4.1
Dodging        | 3 |  3.7

Action                   |  1- 3 |  4- 6 || total
-------------------------+-------+-------++-------
Melee: Falchion          |    85 |    92 ||   177
       Headbutt          |    16 |    17 ||    33
Invok: Berserk           |     1 |     1 ||     2
  Use: Scroll            |     3 |     1 ||     4
       Potion            |       |     3 ||     3
  Eat: Chunk             |     2 |     2 ||     4
       Meat ration       |       |     1 ||     1
Armor: Ring mail         |    31 |    34 ||    65
       Animal skin       |     1 |       ||     1
Dodge: Dodged            |    60 |    82 ||   142
       Rpst.: Falchion   |    14 |    21 ||    35
